 Dungeon Crawl Stone Soup version 0.16.2-12-gd0ad4c3 (webtiles) character file.

44 Kharon the Magician (level 3, -1/19 HPs)
             Began as a Deep Elf Wizard on Sept 26, 2015.
             Slain by Typee's ghost (7 damage)
             ... on level 3 of the Dungeon.
             The game lasted 00:26:06 (2967 turns).

Kharon the Magician (Deep Elf Wizard)               Turns: 2967, Time: 00:26:06

Health: -1/19      AC:  7    Str: 10    XL:     3   Next: 41%
Magic:  5/14       EV: 13    Int: 23    God:
Gold:   51         SH:  0    Dex: 13    Spells: 3 memorised, 8 levels left

rFire  . . .     SeeInvis .     f - +2 dagger (protect)
rCold  . . .     Clarity  .     v - +0 robe
rNeg   + . .     SustAb   .     (no shield)
rPois  .         Gourm    .     b - +0 hat
rElec  .         Spirit   .     (no cloak)
rCorr  .         Warding  .     (no gloves)
rMut   .         Stasis   .     (no boots)
MR     .....                    (no amulet)
Stlth  ++........               m - +6 ring of strength
                                k - ring of positive energy

@: not resistant to hostile enchantments, unstealthy
A: no striking features
a: no special abilities


You were on level 3 of the Dungeon.
You were hungry.

You visited 1 branch of the dungeon, and saw 3 of its levels.

You collected 51 gold pieces.

Inventory:

Hand weapons
 f - a +2 dagger of protection (weapon)
 p - a +0 short sword
 x - a cursed +0 short sword
Missiles
 h - 17 arrows
 j - 7 silver javelins (quivered)
 n - 12 steel sling bullets
 o - 26 stones
 s - 17 poisoned needles
Armour
 a - a +0 robe
 b - a +0 hat (worn)
 v - a +0 robe (worn)
 w - a +0 leather armour
Jewellery
 k - a ring of positive energy (left hand)
 m - a +6 ring of strength (right hand)
Scrolls
 e - a scroll of fog
 g - a scroll of identify
 i - a scroll of magic mapping
 u - a scroll of remove curse
Potions
 r - a potion of lignification {unknown}
Books
 c - a book of Minor Magic

   Spells                             Type                      Level
   a - Magic Dart                     Conjuration                  1
   b - Blink                          Translocation                2
   c - Call Imp                       Summoning                    2
   d - Repel Missiles                 Charms/Air                   2
   e - Slow                           Hexes                        2
   f - Conjure Flame                  Conjuration/Fire             3
   g - Mephitic Cloud                 Conjuration/Poison/Air       3
Comestibles
 d - a bread ration
 q - a slice of pizza
 t - a meat ration


   Skills:
 + Level 2.8 Dodging
 - Level 2.7 Stealth
 * Level 5.7 Spellcasting
 - Level 1.3 Conjurations
   Level 1.1 Summonings
 - Level 1.1 Translocations


You had 8 spell levels left.
You knew the following spells:

 Your Spells              Type           Power        Failure   Level  Hunger
a - Magic Dart            Conj           ##..         6%          1    None
b - Repel Missiles        Chrm/Air       #.....       17%         2    None
c - Blink                 Tloc           N/A          10%         2    None


Dungeon Overview and Level Annotations

Branches:
Dungeon (3/15)

Altars:
Dithmenos
Qazlal
Sif Muna

Annotations:
D:2 Robin
D:3 Typee's ghost, average DsAK


Message History

Typee's ghost hits you.
The goblin shoots a stone.
The stone hits you but does no damage.
You see here a stone.
The goblin shoots a stone.
The stone closely misses you.
You see here a stone.
A giant cockroach comes into view.
The goblin shoots a stone.
The stone hits you but does no damage.
Found a stone staircase leading down.
You see here a stone.
Typee's ghost hits you.
* * * LOW HITPOINT WARNING * * *
Typee's ghost says, "What a barren place.
A pity you won't get a chance to visit the Abyss!"
Typee's ghost barely misses you. The giant cockroach barely misses you.
You hit the giant cockroach.
You kill the giant cockroach!
Typee's ghost barely misses you.
You see here a giant cockroach corpse.
There is a stone staircase leading down here.
Typee's ghost hits you!
You die...

#.###....##....#...........#
###.................(........#
#......................(.....#
..........###.....(((..(.....#
##.....##..###.g#.#..........#
...#######.# #..#.############
#### .>##..l.# # #......#W.#
....# #@.# .... #...# . #.#.#
#.#.# #.#.# #.#.. #.##. .. ..
.


You could see Typee's ghost, a goblin and a giant newt.

Vanquished Creatures
  A worm (D:2)
  2 giant geckos
  6 bats
  4 giant cockroaches
  10 goblins
  2 hobgoblins (D:1)
  A jackal (D:2)
  A quokka (D:2)
  A giant newt (D:1)
  2 kobolds (D:2)
  6 rats
36 creatures vanquished.

Notes
Turn   | Place    | Note
--------------------------------------------------------------
     0 | D:1      | Kharon, the Deep Elf Wizard, began the quest for the Orb.
     0 | D:1      | Reached XP level 1. HP: 10/10 MP: 6/6
   865 | D:1      | Reached XP level 2. HP: 15/15 MP: 2/10
  1753 | D:1      | Learned a level 2 spell: Repel Missiles
  1760 | D:1      | Learned a level 2 spell: Blink
  1965 | D:2      | Reached skill level 5 in Spellcasting
  2134 | D:2      | Reached XP level 3. HP: 19/19 MP: 1/14
  2529 | D:2      | Found a deep blue altar of Sif Muna.
  2529 | D:2      | Found a shadowy altar of Dithmenos.
  2663 | D:2      | Noticed Robin
  2868 | D:2      | You fall through a shaft!
  2870 | D:3      | Found a stormy altar of Qazlal.
  2892 | D:3      | Noticed Typee's ghost (average DsAK)
  2967 | D:3      | Slain by Typee's ghost

Action                   || total
-------------------------++-------
Melee: Unarmed           ||    18
       Dagger            ||    37
 Cast: Magic Dart        ||    84
       Repel Missiles    ||     1
       Blink             ||    12
  Use: Potion            ||     1
       Scroll            ||     4
  Eat: Bread ration      ||     1
       Chunk             ||     1
